 Dungeon Crawl Stone Soup version 0.30-a0-1112-gfb780f5df6 (webtiles) character file.

Game seed: 12683856395235653591

51 IdlyInterested the Ducker (level 3, -6/29 HPs)
             Began as a Demonspawn Gladiator on Apr 19, 2023.
             Killed by nerve-wracking pain
             ... invoked by Jessica
              (9 damage)
             ... on level 2 of the Dungeon.
             The game lasted 00:04:12 (945 turns).

IdlyInterested the Ducker (Demonspawn Gladiator)     Turns: 945, Time: 00:04:13

Health: -6/29      AC: 10    Str: 14    XL:     3   Next: 58%
Magic:  3/3        EV: 12    Int:  9    God:
Gold:   91         SH:  0    Dex: 16    Spells: 2/2 levels left

rFire   . . .      SeeInvis .    a - +0 long sword
rCold   . . .      Faith    .    (no shield)
rNeg    . . .      Spirit   .    b - +0 leather armour
rPois   .          Reflect  .    c - +0 helmet
rElec   .          Rampage  .    (no cloak)
rCorr   .                        (no gloves)
Will    .....                    (no boots)
Stlth   ++                       (no amulet)
HPRegen 0.24/turn                (no ring)
MPRegen 0.08/turn                (no ring)

@: brilliant, sanguine armoured, slowed, very slow
A: sanguine armour 1
a: no special abilities


You were on level 2 of the Dungeon.
You visited 1 branch of the dungeon, and saw 2 of its levels.

You collected 91 gold pieces.

Inventory:

Hand Weapons
 a - a +0 long sword (weapon)
 k - a +2 dagger of venom
Missiles
 d - 3 throwing nets
 f - a stone (quivered)
Armour
 b - a +0 leather armour (worn)
 c - a +0 helmet (worn)
Scrolls
 g - 3 scrolls of teleportation {unknown}
 h - 8 scrolls of identify {unknown}
 i - a scroll of immolation {unknown}


   Skills:
 * Level 3.0 Fighting
 - Level 2.6 Long Blades
 - Level 2.0 Throwing
 - Level 1.0 Armour
 + Level 3.1 Dodging
 - Level 1.0 Stealth


You had 2 spell levels left.
You didn't know any spells.
Your spell library contained the following spells:

 Spells                   Type           Power      Damage    Failure   Level
 Sting                    Tmut/Pois      0%         1d3       45%         1
 Poisonous Vapours        Pois/Air       0%         N/A       58%         2
 Olgreb's Toxic Radiance  Pois           0%         N/A       99%         4


Dungeon Overview and Level Annotations

Branches:
Dungeon (2/15)

Altars:

Shops:
D:1 ?   D:2 [

Annotations:
D:2 Jessica


Innate Abilities, Weirdness & Mutations

When seriously injured, your blood forms armour. (AC +6)


Message History

You resist with some effort.
The cerulean imp hits you but does no damage.
Natasha claws you!
* * * LOW HITPOINT WARNING * * *
The cerulean imp hits you but does no damage.
Jessica casts a spell at you.
You feel yourself slow down. The cerulean imp closely misses you.
You barely miss Natasha.
Natasha is severely wounded.
Natasha casts a spell at you. The magic dart hits you.
* * * LOW HITPOINT WARNING * * *
The cerulean imp closely misses you. Jessica barely misses you.
The cerulean imp completely misses you. Natasha claws you but does no damage.
The cerulean imp hits you but does no damage.
Jessica gestures wildly while chanting.
Jessica blinks!
It was a potion of brilliance.
You feel clever all of a sudden. The cerulean imp closely misses you.
Natasha stares at you and mumbles some strange words.
The magic dart hits you but does no damage.
The cerulean imp hits you but does no damage.
The cerulean imp hits you from afar with a +1 spear.
* * * LOW HITPOINT WARNING * * *
You completely miss Natasha.
Natasha is severely wounded.
The cerulean imp disappears in a puff of smoke!
Natasha claws you but does no damage.
The cerulean imp hits you but does no damage.
Natasha barely misses you.
The cerulean imp hits you but does no damage.
You slash Natasha!
You kill Natasha!
Natasha yowls pathetically as she dies!
The cerulean imp disappears in a puff of smoke!
Jessica hits you but does no damage.
Jessica points at you and mumbles some strange words.
Pain shoots through your body!
You die...

#.. ###.#
## ...#
#..# ...#
#..# ....#
#)##
h....# #.#
......##)#
....§..#@#
.....=.#@#
.......#§#
..K....§.#
.......'(#
.......###
.......
..?....
......###
.....# .#


You could see Jessica (fast).

Vanquished Creatures
  Natasha (D:2)
  Robin (D:2)
  A dart slug (D:1)
  A ball python (D:1)
  An endoplasm (D:1)
  3 giant cockroaches (D:1)
  4 hobgoblins
  A quokka (D:1)
  2 bats (D:1)
  A frilled lizard (D:2)
  14 goblins
  2 kobolds
  3 rats
35 creatures vanquished.

Notes
Turn   | Place    | Note
-------+----------+-------------------------------------------
     0 | D:1      | IdlyInterested the Demonspawn Gladiator began the quest for
                  | the Orb.
     0 | D:1      | Reached XP level 1. HP: 16/16 MP: 1/1
   198 | D:1      | Gained mutation: When seriously injured, your blood forms
                  | armour. (AC +6) [demonic ancestry]
   198 | D:1      | Reached XP level 2. HP: 16/22 MP: 2/2
   304 | D:1      | Found Pitse's Magic Scroll Shop.
   585 | D:1      | Reached skill level 1 in Armour
   638 | D:2      | Found Yqemubow's Armour Shop.
   791 | D:2      | Reached XP level 3. HP: 18/28 MP: 3/3
   841 | D:2      | Noticed Robin
   854 | D:2      | Reached skill level 1 in Stealth
   873 | D:2      | Killed Robin
   914 | D:2      | Noticed Jessica
   919 | D:2      | Noticed Natasha
   945 | D:2      | Killed Natasha
   945 | D:2      | Killed from afar by Jessica

Illustrated notes

Levels and vault maps discovered:
D:1:      minmay_arrival_plants_in_alcoves, layout_basic, serial_shops, shop,
          serial_bayou_crossing
D:2:      kennysheep_big_flooded_room, layout_rooms, serial_shops, shop, shop,
          shop, uniq_robin, uniq_natasha, uniq_jessica

Skill      XL: |  1  2  3 |
---------------+----------+-----
Dodging        | 3 |  3.1
Throwing       | 2 |  2.0
Armour         | 1 |  1.0
Stealth        | 1 |  1.0
Fighting       | 3 |  3.0
Long Blades    | |  2.6

Action                     || total
---------------------------++-------
  Melee: Long sword        ||   130
  Throw: Javelin           ||     1
    Use: Potion            ||     1
 Armour: Leather armour    ||    69
  Dodge: Dodged            ||   110

Table legend: (Time is in decaauts)
 A = Elapsed time spent in this place.
 B = Non-inter-level travel time spent in this place.
 C = Inter-level travel time spent in this place.
 D = Time resting spent in this place.
 E = Time spent auto-exploring this place.
 F = Levels seen in this place.
 G = Mean time per level.
                   A        B        C        D        E       F      G
               +--------+--------+--------+--------+--------+-----+--------+
         Total |    990 |    902 |     88 |    103 |    394 |   2 |  495.0 |
       Dungeon |    990 |    902 |     88 |    103 |    394 |   2 |  495.0 |
               +--------+--------+--------+--------+--------+-----+--------+

Top non-repeatable levels by time:
     D:1: 746 daAuts
     D:2: 243 daAuts
